Kings vs Nordiques
Created - 15 novembre 2013 at 19:05
Goals
|
| Kings |
3 |
0 |
0 |
3 |
| Nordiques |
1 |
2 |
1 |
4 |
|
Shots
|
| Kings |
13 |
9 |
10 |
32 |
| Nordiques |
11 |
11 |
14 |
36 |
|
1st period
1. Kings , Antti Miettinen 3 (Guillaume Latendresse, Jason Arnott) at 4:31
2. Nordiques , Mike Komisarek 1 (Chris Phillips, Mattias Weinhandl) at 9:41
3. Kings , Guillaume Latendresse 2 (Adrian Aucoin, Sergei Gonchar) at 15:47
4. Kings , Sergei Gonchar 1 (Anze Kopitar, Patrick Kane) at 17:09 (PP)
Penalties :
Stephen Weiss (Que) for Hooking (Minor) at 6:33, Danny Richmond (LAK) for High sticking (Minor) at 6:33, Maxim Afinogenov (Que) for Roughing (Minor) at 10:54, Maxim Afinogenov (Que) for Holding (Minor) at 16:59
2nd period
5. Nordiques , Saku Koivu 3 (Adam Deadmarsh, Mike Smith) at 6:47 (PP)
6. Nordiques , Saku Koivu 4 (Simon Gagné, Stephen Weiss) at 9:12
Penalties :
Stephen Weiss (Que) for Roughing (Minor) at 0:13, Jason Arnott (LAK) for Roughing (Minor) at 5:37, Simon Gagné (Que) for Roughing (Minor) at 6:55, Derek Boogaard (LAK) for Roughing (Minor) at 6:55, Jonathan Cheechoo (Que) for Hooking (Minor) at 10:55, Steve Regier (LAK) for Hooking (Minor) at 10:55, Brian McGrattan (LAK) for Tripping (Minor) at 16:25
3rd period
7. Nordiques , Stephen Weiss 6 (Mike Cammalleri) at 1:48
Penalties :
Derek Boogaard (LAK) for Interference (Minor) at 1:53, Mike Cammalleri (Que) for Hooking (Minor) at 9:43, Sergei Gonchar (LAK) for Holding Stick (Minor) at 19:06
Goalie Stats
Antti Niemi (LAK), 32 saves from 36 shots - (0,889), L, 3-4-0, 60:00 minutes
Mike Smith (Que), 29 saves from 32 shots - (0,906), W, 6-3-0, 60:00 minutes
Players Stats for Kings
Player Name G A P +/- PIM S H SB GA TA FO MP PP MP PK MP
------------------------------------------------------------------------------------
Adrian Aucoin 0 1 1 2 0 3 0 1 0 1 0/0 13:28 0:00 0:04
Alex Tanguay 0 0 0 -1 0 1 2 0 0 1 0/0 6:23 0:00 0:12
Antti Miettinen 1 0 1 2 0 2 4 2 0 0 0/0 13:55 2:38 0:00
Anze Kopitar 0 1 1 -1 0 7 1 2 0 0 20/32 23:03 3:29 2:05
Brian McGrattan 0 0 0 0 2 1 2 0 0 0 0/1 8:06 0:00 0:00
Bryan McCabe 0 0 0 -1 0 0 0 0 0 2 0/0 15:44 2:12 0:00
Danny Richmond 0 0 0 -1 2 1 3 2 0 0 0/0 23:53 2:12 2:16
Derek Boogaard 0 0 0 -2 4 1 2 1 2 0 1/1 19:19 2:38 1:05
Derick Brassard 0 0 0 -1 0 2 1 0 0 0 3/7 12:25 2:38 0:00
Guillaume Latendresse 1 1 2 1 0 5 2 1 0 0 0/2 18:21 3:11 0:35
Jason Arnott 0 1 1 1 2 1 2 0 0 0 6/16 16:02 0:18 2:37
Jay Bouwmeester 0 0 0 1 0 1 0 0 0 1 0/0 23:11 3:55 3:45
Jeff Schultz 0 0 0 -1 0 0 0 1 0 1 0/0 15:52 0:00 3:45
Jonas Hoglund 0 0 0 -1 0 1 2 0 0 0 1/1 13:41 0:00 3:40
Patrick Kane 0 1 1 -1 0 2 0 0 0 0 2/2 24:01 3:29 1:48
Randy Robitaille 0 0 0 0 0 0 0 0 0 0 0/2 6:20 0:00 0:00
Sergei Gonchar 1 1 2 -2 2 3 1 1 0 0 0/0 27:51 3:55 2:12
Steve Regier 0 0 0 0 2 1 0 0 0 0 0/0 6:20 0:00 0:00
Players Stats for Nordiques
Player Name G A P +/- PIM S H SB GA TA FO MP PP MP PK MP
------------------------------------------------------------------------------------
Adam Deadmarsh 0 1 1 -1 0 3 2 1 0 0 0/0 12:39 2:45 0:00
Alexei Ponikarovsky 0 0 0 0 0 0 0 0 0 0 0/0 9:51 0:00 1:24
Chris Phillips 0 1 1 2 0 4 0 2 1 0 0/0 26:48 4:08 0:00
Cory Sarich 0 0 0 0 0 1 2 3 0 0 0/0 9:40 0:00 0:00
Éric Belanger 0 0 0 0 0 0 0 0 0 0 3/4 9:35 0:00 1:59
Jonathan Cheechoo 0 0 0 0 2 1 1 0 2 0 1/1 7:26 0:00 0:00
Jordan Leopold 0 0 0 1 0 1 1 1 1 0 0/0 18:36 1:53 3:59
Kris Vernarsky 0 0 0 -1 0 3 1 1 0 0 2/4 9:54 0:00 0:01
Lubomir Visnovsky 0 0 0 -1 0 1 1 0 0 0 0/0 20:35 1:53 2:08
Matt Pettinger 0 0 0 -1 0 1 0 0 0 0 0/1 10:39 0:00 0:43
Mattias Weinhandl 0 1 1 -1 0 1 1 0 0 0 0/1 9:32 0:00 0:00
Maxim Afinogenov 0 0 0 2 4 1 3 2 0 0 1/3 22:56 3:16 2:08
Mike Cammalleri 0 1 1 -1 2 4 1 1 0 0 0/1 12:48 2:45 0:00
Mike Komisarek 1 0 1 -1 0 1 1 0 0 1 0/0 16:38 0:00 3:59
Ryan Whitney 0 0 0 1 0 3 0 2 0 0 0/0 27:43 4:08 2:08
Saku Koivu 2 0 2 0 0 6 1 0 0 0 7/14 20:09 2:45 3:22
Simon Gagné 0 1 1 3 2 2 2 0 1 1 2/2 20:54 3:16 1:18
Stephen Weiss 1 1 2 3 4 3 1 0 1 0 15/33 21:26 3:16 1:19
3 Stars
1 - Saku Koivu (Que)
2 - Antti Miettinen (LAK)
3 - Guillaume Latendresse (LAK)
Power Play
Kings - 1 on 4 Attempt(s) - 25,00%
Nordiques - 1 on 4 Attempt(s) - 25,00%
Penalty Kill
Kings - 3 on 4 Attempt(s) - 75,00%
- Score 0 goal in Penalty Kill
Nordiques - 3 on 4 Attempt(s) - 75,00%
- Score 0 goal in Penalty Kill
Official
Referees : Pochmara Brian and Joannette Marc
Linesman : Pierre Racicot and Derek Amell
Game Notes
Alex Tanguay is injured at 13:46 of 2nd period (Left Foot)
Finance
Level 1 -- Attendance: 6000 (100,00%) -- Ticket Income 450 000 $
Level 2 -- Attendance: 5000 (100,00%) -- Ticket Income 200 000 $
Level 3 -- Attendance: 1791 (89,55%) -- Ticket Income 53 730 $
Level 4 -- Attendance: 4000 (100,00%) -- Ticket Income 60 000 $
Luxury Box -- Attendance: 922 (92,20%) -- Ticket Income 129 080 $
Game was played at the Colisé Pepsi
Total Attendance: 17713 (98,41%)
Total Ticket Income: 892 810 $
Other Income: 133 922 $
Total Income: 1 026 732 $
Kings
5 vs 5 Forward
Center Left Wing Right Wing Time % Phy DF OF
1 Anze Kopitar Derek Boogaard Patrick Kane 40 1 2 2
2 Jason Arnott Guillaume Latendresse Antti Miettinen 30 1 2 2
3 Derick Brassard Alex Tanguay Jonas Hoglund 25 1 2 2
4 Randy Robitaille Steve Regier Brian McGrattan 5 1 2 2
5 vs 5 Defense
Defense Defense Time % Phy DF OF
1 Sergei Gonchar Danny Richmond 40 1 2 2
2 Jay Bouwmeester Adrian Aucoin 30 1 2 2
3 Jeff Schultz Bryan McCabe 25 1 2 2
4 Sergei Gonchar Jay Bouwmeester 5 1 2 2
PowerPlay Forward
Center Left Wing Right Wing Time % Phy DF OF
1 Anze Kopitar Guillaume Latendresse Patrick Kane 60 1 2 2
2 Derick Brassard Derek Boogaard Antti Miettinen 40 1 2 2
PowerPlay Defense
Defense Defense Time % Phy DF OF
1 Sergei Gonchar Jay Bouwmeester 60 1 2 2
2 Danny Richmond Bryan McCabe 40 1 2 2
Penalty Kill 4 Players Forward
Center Wing Time % Phy DF OF
1 Jason Arnott Jonas Hoglund 60 1 2 2
2 Anze Kopitar Derek Boogaard 40 1 2 2
Penalty Kill 4 Players Defense
Defense Defense Time % Phy DF OF
1 Jeff Schultz Jay Bouwmeester 60 1 2 2
2 Sergei Gonchar Danny Richmond 40 1 2 2
Penalty Kill - 3 Players Forward
Forward Time % Phy DF OF
1 Anze Kopitar 60 1 2 2
2 Jason Arnott 40 1 2 2
Penalty Kill - 3 Players Defense
Defense Defense Time % Phy DF OF
1 Sergei Gonchar Jay Bouwmeester 60 1 2 2
2 Danny Richmond Bryan McCabe 40 1 2 2
4 vs 4 Forward
Center Wing Time % Phy DF OF
1 Anze Kopitar Patrick Kane 60 1 2 2
2 Jason Arnott Derek Boogaard 40 1 2 2
4 vs 4 Defense
Defense Defense Time % Phy DF OF
1 Sergei Gonchar Jay Bouwmeester 60 1 2 2
2 Danny Richmond Bryan McCabe 40 1 2 2
Last Minutes Offensive
Center Left Wing Right Wing Defense Defense
Anze Kopitar Guillaume Latendresse Patrick Kane Sergei Gonchar Adrian Aucoin
Last Minutes Defensive
Center Left Wing Right Wing Defense Defense
Anze Kopitar Derek Boogaard Jonas Hoglund Jeff Schultz Jay Bouwmeester
Goaltenders
Starting : Antti Niemi
Backup : Mike Brodeur
Extra Forwards
Normal : Patrick Kane, Guillaume Latendresse, Brian McGrattan - PP : Derek Boogaard, Jason Arnott - PK : Patrick Kane
Extra Defensemen
Normal : Adrian Aucoin, Jeff Schultz, Danny Richmond - PP : Adrian Aucoin - PK : Jeff Schultz, Adrian Aucoin
Penalty Shots
Anze Kopitar, Patrick Kane, Jason Arnott, Guillaume Latendresse, Antti Miettinen
Nordiques
5 vs 5 Forward
Center Left Wing Right Wing Time % Phy DF OF
1 Stephen Weiss Simon Gagné Maxim Afinogenov 40 0 2 3
2 Saku Koivu Mike Cammalleri Adam Deadmarsh 30 0 2 3
3 Kris Vernarsky Matt Pettinger Mattias Weinhandl 20 0 3 2
4 Éric Belanger Alexei Ponikarovsky Jonathan Cheechoo 10 1 2 2
5 vs 5 Defense
Defense Defense Time % Phy DF OF
1 Chris Phillips Ryan Whitney 40 1 2 2
2 Lubomir Visnovsky Mike Komisarek 30 1 2 2
3 Cory Sarich Jordan Leopold 20 1 2 2
4 Chris Phillips Ryan Whitney 10 1 2 2
PowerPlay Forward
Center Left Wing Right Wing Time % Phy DF OF
1 Stephen Weiss Simon Gagné Maxim Afinogenov 60 0 1 4
2 Saku Koivu Mike Cammalleri Adam Deadmarsh 40 0 1 4
PowerPlay Defense
Defense Defense Time % Phy DF OF
1 Chris Phillips Ryan Whitney 60 0 2 3
2 Lubomir Visnovsky Jordan Leopold 40 0 2 3
Penalty Kill 4 Players Forward
Center Wing Time % Phy DF OF
1 Saku Koivu Maxim Afinogenov 60 0 4 1
2 Éric Belanger Simon Gagné 40 0 4 1
Penalty Kill 4 Players Defense
Defense Defense Time % Phy DF OF
1 Jordan Leopold Mike Komisarek 60 0 4 1
2 Ryan Whitney Lubomir Visnovsky 40 0 4 1
Penalty Kill - 3 Players Forward
Forward Time % Phy DF OF
1 Saku Koivu 60 0 4 1
2 Maxim Afinogenov 40 0 4 1
Penalty Kill - 3 Players Defense
Defense Defense Time % Phy DF OF
1 Jordan Leopold Mike Komisarek 60 0 4 1
2 Lubomir Visnovsky Ryan Whitney 40 0 4 1
4 vs 4 Forward
Center Wing Time % Phy DF OF
1 Stephen Weiss Simon Gagné 60 0 2 3
2 Saku Koivu Maxim Afinogenov 40 0 2 3
4 vs 4 Defense
Defense Defense Time % Phy DF OF
1 Chris Phillips Ryan Whitney 60 0 3 2
2 Lubomir Visnovsky Jordan Leopold 40 0 3 2
Last Minutes Offensive
Center Left Wing Right Wing Defense Defense
Stephen Weiss Simon Gagné Maxim Afinogenov Chris Phillips Ryan Whitney
Last Minutes Defensive
Center Left Wing Right Wing Defense Defense
Saku Koivu Matt Pettinger Maxim Afinogenov Jordan Leopold Mike Komisarek
Goaltenders
Starting : Mike Smith
Backup : Jonathan Bernier
Extra Forwards
Normal : Saku Koivu, Stephen Weiss, Maxim Afinogenov - PP : Mike Cammalleri, Simon Gagné - PK : Stephen Weiss
Extra Defensemen
Normal : Lubomir Visnovsky, Jordan Leopold, Ryan Whitney - PP : Mike Komisarek - PK : Jordan Leopold, Mike Komisarek
Penalty Shots
Maxim Afinogenov, Simon Gagné, Mike Cammalleri, Ryan Whitney, Saku Koivu
% Time on Ice - Kings
Lines # - Real PCT - Wanted PCT - Time Play
Normal Forward
1 - 33% - 40% - 13:45
2 - 28% - 30% - 11:36
3 - 24% - 25% - 10:01
4 - 15% - 5% - 6:20
Normal Defense
1 - 40% - 40% - 16:48
2 - 33% - 30% - 13:56
3 - 26% - 25% - 10:54
4 - 0% - 5% - 0:04
PP Forward
1 - 57% - 60% - 3:29
2 - 43% - 40% - 2:38
PP Defense
1 - 64% - 60% - 3:55
2 - 36% - 40% - 2:12
PK Forward
1 - 77% - 60% - 4:39
2 - 23% - 40% - 1:22
PK Defense
1 - 62% - 60% - 3:45
2 - 38% - 40% - 2:16
PK3 Forward
1 - 0% - 60%
2 - 0% - 40%
PK3 Defense
1 - 0% - 60%
2 - 0% - 40%
44 Forward
1 - 72% - 60% - 4:18
2 - 28% - 40% - 1:39
44 Defense
1 - 60% - 60% - 3:34
2 - 40% - 40% - 2:23
Last Minute Offensive - 0:13
Last Minute Defensive - 0:00
Total
Forward - 60:00
Defense - 60:00
|
% Time on Ice - Nordiques
Lines # - Real PCT - Wanted PCT - Time Play
Normal Forward
1 - 35% - 40% - 14:41
2 - 26% - 30% - 10:54
3 - 23% - 20% - 9:32
4 - 16% - 10% - 6:35
Normal Defense
1 - 40% - 40% - 16:31
2 - 36% - 30% - 14:55
3 - 21% - 20% - 8:41
4 - 4% - 10% - 1:35
PP Forward
1 - 54% - 60% - 3:16
2 - 46% - 40% - 2:45
PP Defense
1 - 69% - 60% - 4:08
2 - 31% - 40% - 1:53
PK Forward
1 - 79% - 60% - 4:49
2 - 21% - 40% - 1:18
PK Defense
1 - 65% - 60% - 3:59
2 - 35% - 40% - 2:08
PK3 Forward
1 - 0% - 60%
2 - 0% - 40%
PK3 Defense
1 - 0% - 60%
2 - 0% - 40%
44 Forward
1 - 85% - 60% - 5:05
2 - 15% - 40% - 0:52
44 Defense
1 - 61% - 60% - 3:37
2 - 39% - 40% - 2:20
Last Minute Offensive - 0:00
Last Minute Defensive - 0:13
Total
Forward - 60:00
Defense - 60:00
|
Play by Play
1st period
0:01 of 1st period - Anze Kopitar wins face-off versus Stephen Weiss in neutral zone.
0:04 of 1st period - Slapshot by Sergei Gonchar.
0:04 of 1st period - Shot Misses the Net.
0:56 of 1st period - Snap shot by Mike Cammalleri.
0:56 of 1st period - Shot Blocked by Antti Miettinen.
2:01 of 1st period - Slapshot by Danny Richmond.
2:01 of 1st period - Shot Blocked by Jordan Leopold.
2:19 of 1st period - Icing by Sergei Gonchar.
2:20 of 1st period - Jonathan Cheechoo wins face-off versus Derick Brassard in Kings zone.
2:21 of 1st period - Wrist shot by Alexei Ponikarovsky.
2:21 of 1st period - Shot Misses the Net.
2:23 of 1st period - Slapshot by Chris Phillips.
2:23 of 1st period - Shot Blocked by Sergei Gonchar.
2:25 of 1st period - Slapshot by Chris Phillips.
2:25 of 1st period - Stopped by Antti Niemi without a rebound.
2:26 of 1st period - Éric Belanger wins face-off versus Anze Kopitar in Kings zone.
2:45 of 1st period - Anze Kopitar is hit by Jonathan Cheechoo and loses puck.
3:54 of 1st period - Icing by Jeff Schultz.
3:55 of 1st period - Stephen Weiss wins face-off versus Anze Kopitar in Kings zone.
3:56 of 1st period - Snap shot by Simon Gagné.
3:56 of 1st period - Shot Misses the Net.
4:10 of 1st period - Snap shot by Patrick Kane.
4:10 of 1st period - Shot Misses the Net.
4:16 of 1st period - Wrist shot by Derek Boogaard.
4:16 of 1st period - Shot Blocked by Cory Sarich.
4:25 of 1st period - Off-side.
4:26 of 1st period - Jason Arnott wins face-off versus Saku Koivu in neutral zone.
4:31 of 1st period - Snap shot by Antti Miettinen.
4:31 of 1st period - Goal by Antti Miettinen - Kings : 1 - Nordiques : 0.
4:32 of 1st period - Saku Koivu wins face-off versus Guillaume Latendresse in neutral zone.
4:43 of 1st period - Wrist shot by Antti Miettinen.
4:43 of 1st period - Stopped by Mike Smith with a rebound.
4:45 of 1st period - Slapshot by Adrian Aucoin.
4:45 of 1st period - Stopped by Mike Smith without a rebound.
4:46 of 1st period - Stephen Weiss wins face-off versus Derick Brassard in Nordiques zone.
5:41 of 1st period - Snap shot by Kris Vernarsky.
5:41 of 1st period - Stopped by Antti Niemi with a rebound.
5:43 of 1st period - Slapshot by Ryan Whitney.
5:43 of 1st period - Deflect By Kris Vernarsky.
5:43 of 1st period - Shot Misses the Net.
5:43 of 1st period - Puck is out of play.
5:44 of 1st period - Stephen Weiss wins face-off versus Jason Arnott in Kings zone.
6:12 of 1st period - Off-side.
6:13 of 1st period - Saku Koivu wins face-off versus Derick Brassard in neutral zone.
6:33 of 1st period - Minor Penalty to Stephen Weiss for Hooking.
6:33 of 1st period - Minor Penalty to Danny Richmond for High sticking.
6:34 of 1st period - Anze Kopitar wins face-off versus Saku Koivu in Kings zone.
6:49 of 1st period - Slapshot by Saku Koivu.
6:49 of 1st period - Shot Blocked by Anze Kopitar.
8:10 of 1st period - Snap shot by Guillaume Latendresse.
8:10 of 1st period - Shot Misses the Net.
8:12 of 1st period - Slapshot by Bryan McCabe.
8:12 of 1st period - Shot Misses the Net.
8:28 of 1st period - Jeff Schultz is hit by Saku Koivu and loses puck.
8:33 of 1st period - Penalty to Stephen Weiss is over, Stephen Weiss is back on ice.
8:33 of 1st period - Penalty to Danny Richmond is over, Danny Richmond is back on ice.
8:41 of 1st period - Backhand shot by Alex Tanguay.
8:41 of 1st period - Shot Misses the Net.
8:55 of 1st period - Snap shot by Mike Cammalleri.
8:55 of 1st period - Stopped by Antti Niemi with a rebound.
8:57 of 1st period - Wrist shot by Mike Cammalleri.
8:57 of 1st period - Shot Blocked by Jeff Schultz.
9:39 of 1st period - Slapshot by Chris Phillips.
9:39 of 1st period - Shot Misses the Net.
9:41 of 1st period - Slapshot by Mike Komisarek.
9:41 of 1st period - Goal by Mike Komisarek - Kings : 1 - Nordiques : 1.
9:42 of 1st period - Anze Kopitar wins face-off versus Stephen Weiss in neutral zone.
10:00 of 1st period - Derek Boogaard is hit by Simon Gagné and loses puck.
10:17 of 1st period - Off-side.
10:18 of 1st period - Jason Arnott wins face-off versus Kris Vernarsky in neutral zone.
10:21 of 1st period - Wrist shot by Guillaume Latendresse.
10:21 of 1st period - Stopped by Mike Smith with a rebound.
10:37 of 1st period - Snap shot by Chris Phillips.
10:37 of 1st period - Stopped by Antti Niemi with a rebound.
10:39 of 1st period - Snap shot by Matt Pettinger.
10:39 of 1st period - Stopped by Antti Niemi without a rebound.
10:40 of 1st period - Stephen Weiss wins face-off versus Derick Brassard in Kings zone.
10:41 of 1st period - Snap shot by Simon Gagné.
10:41 of 1st period - Stopped by Antti Niemi with a rebound.
10:51 of 1st period - Snap shot by Alex Tanguay.
10:51 of 1st period - Stopped by Mike Smith with a rebound.
10:54 of 1st period - Minor Penalty to Maxim Afinogenov for Roughing.
10:55 of 1st period - Anze Kopitar wins face-off versus Saku Koivu in Nordiques zone.
11:22 of 1st period - Jay Bouwmeester is hit by Jordan Leopold and loses puck.
12:54 of 1st period - Penalty to Maxim Afinogenov is over, Maxim Afinogenov is back on ice.
13:30 of 1st period - Slapshot by Matt Pettinger.
13:30 of 1st period - Deflect By Kris Vernarsky.
13:30 of 1st period - Stopped by Antti Niemi with a rebound.
13:42 of 1st period - Alexei Ponikarovsky is hit by Alex Tanguay and loses puck.
14:05 of 1st period - Mike Cammalleri is hit by Jason Arnott and loses puck.
14:33 of 1st period - Snap shot by Steve Regier.
14:33 of 1st period - Shot Blocked by Chris Phillips.
14:47 of 1st period - Cory Sarich is hit by Sergei Gonchar and loses puck.
15:01 of 1st period - Icing by Cory Sarich.
15:02 of 1st period - Jonas Hoglund wins face-off versus Éric Belanger in Nordiques zone.
15:03 of 1st period - Wrist shot by Derick Brassard.
15:03 of 1st period - Stopped by Mike Smith with a rebound.
15:13 of 1st period - Wrist shot by Alexei Ponikarovsky.
15:13 of 1st period - Deflect By Éric Belanger.
15:13 of 1st period - Shot Blocked by Derek Boogaard.
15:13 of 1st period - Puck is out of play.
15:14 of 1st period - Simon Gagné wins face-off versus Jason Arnott in Kings zone.
15:21 of 1st period - Wrist shot by Maxim Afinogenov.
15:21 of 1st period - Stopped by Antti Niemi with a rebound.
15:23 of 1st period - Snap shot by Simon Gagné.
15:23 of 1st period - Shot Misses the Net.
15:25 of 1st period - Slapshot by Mike Komisarek.
15:25 of 1st period - Shot Misses the Net.
15:27 of 1st period - Snap shot by Maxim Afinogenov.
15:27 of 1st period - Shot Misses the Net.
15:39 of 1st period - Sergei Gonchar is hit by Mattias Weinhandl.
15:45 of 1st period - Slapshot by Guillaume Latendresse.
15:45 of 1st period - Stopped by Mike Smith with a rebound.
15:47 of 1st period - Wrist shot by Guillaume Latendresse.
15:47 of 1st period - Goal by Guillaume Latendresse - Kings : 2 - Nordiques : 1.
15:48 of 1st period - Stephen Weiss wins face-off versus Anze Kopitar in neutral zone.
15:57 of 1st period - Wrist shot by Simon Gagné.
15:57 of 1st period - Shot Misses the Net.
16:13 of 1st period - Mike Cammalleri is hit by Jason Arnott and loses puck.
16:36 of 1st period - Slapshot by Guillaume Latendresse.
16:36 of 1st period - Stopped by Mike Smith with a rebound.
16:38 of 1st period - Snap shot by Derick Brassard.
16:38 of 1st period - Stopped by Mike Smith without a rebound.
16:39 of 1st period - Derick Brassard wins face-off versus Stephen Weiss in Nordiques zone.
16:58 of 1st period - Snap shot by Alex Tanguay.
16:58 of 1st period - Shot Blocked by Maxim Afinogenov.
16:59 of 1st period - Minor Penalty to Maxim Afinogenov for Holding.
17:00 of 1st period - Anze Kopitar wins face-off versus Saku Koivu in Nordiques zone.
17:05 of 1st period - Snap shot by Patrick Kane.
17:05 of 1st period - Shot Misses the Net.
17:07 of 1st period - Snap shot by Anze Kopitar.
17:07 of 1st period - Stopped by Mike Smith with a rebound.
17:09 of 1st period - Slapshot by Sergei Gonchar.
17:09 of 1st period - Goal by Sergei Gonchar - Kings : 3 - Nordiques : 1.
17:10 of 1st period - Stephen Weiss wins face-off versus Anze Kopitar in neutral zone.
17:26 of 1st period - Slapshot by Chris Phillips.
17:26 of 1st period - Stopped by Antti Niemi with a rebound.
18:41 of 1st period - Derek Boogaard is hit by Maxim Afinogenov and loses puck.
18:54 of 1st period - Wrist shot by Mike Cammalleri.
18:54 of 1st period - Stopped by Antti Niemi without a rebound.
18:55 of 1st period - Jason Arnott wins face-off versus Saku Koivu in Kings zone.
19:22 of 1st period - Wrist shot by Saku Koivu.
19:22 of 1st period - Shot Blocked by Antti Miettinen.
19:36 of 1st period - Backhand shot by Sergei Gonchar.
19:36 of 1st period - Stopped by Mike Smith without a rebound.
19:37 of 1st period - Stephen Weiss wins face-off versus Anze Kopitar in Nordiques zone.
2nd period
0:01 of 2nd period - Stephen Weiss wins face-off versus Anze Kopitar in neutral zone.
0:01 of 2nd period - Maxim Afinogenov is hit by Danny Richmond and loses puck.
0:08 of 2nd period - Slapshot by Simon Gagné.
0:08 of 2nd period - Shot Blocked by Anze Kopitar.
0:10 of 2nd period - Backhand shot by Ryan Whitney.
0:10 of 2nd period - Deflect By Patrick Kane.
0:10 of 2nd period - Stopped by Antti Niemi with a rebound.
0:12 of 2nd period - Slapshot by Ryan Whitney.
0:12 of 2nd period - Shot Blocked by Danny Richmond.
0:13 of 2nd period - Minor Penalty to Stephen Weiss for Roughing.
0:14 of 2nd period - Anze Kopitar wins face-off versus Maxim Afinogenov in Nordiques zone.
0:21 of 2nd period - Wrist shot by Patrick Kane.
0:21 of 2nd period - Stopped by Mike Smith with a rebound.
0:23 of 2nd period - Snap shot by Guillaume Latendresse.
0:23 of 2nd period - Deflect By Anze Kopitar.
0:23 of 2nd period - Stopped by Mike Smith without a rebound.
0:24 of 2nd period - Maxim Afinogenov wins face-off versus Anze Kopitar in Nordiques zone.
1:31 of 2nd period - Maxim Afinogenov is hit by Derick Brassard.
2:13 of 2nd period - Penalty to Stephen Weiss is over, Stephen Weiss is back on ice.
3:13 of 2nd period - Antti Miettinen is hit by Kris Vernarsky and loses puck.
3:20 of 2nd period - Kris Vernarsky is hit by Antti Miettinen and loses puck.
3:31 of 2nd period - Wrist shot by Saku Koivu.
3:31 of 2nd period - Stopped by Antti Niemi with a rebound.
3:33 of 2nd period - Snap shot by Jordan Leopold.
3:33 of 2nd period - Stopped by Antti Niemi without a rebound.
3:34 of 2nd period - Derick Brassard wins face-off versus Saku Koivu in Kings zone.
3:41 of 2nd period - Slapshot by Adam Deadmarsh.
3:41 of 2nd period - Stopped by Antti Niemi without a rebound.
3:42 of 2nd period - Anze Kopitar wins face-off versus Maxim Afinogenov in Kings zone.
3:47 of 2nd period - Slapshot by Patrick Kane.
3:47 of 2nd period - Shot Misses the Net.
3:49 of 2nd period - Wrist shot by Patrick Kane.
3:49 of 2nd period - Shot Misses the Net.
3:51 of 2nd period - Slapshot by Sergei Gonchar.
3:51 of 2nd period - Stopped by Mike Smith without a rebound.
3:52 of 2nd period - Anze Kopitar wins face-off versus Stephen Weiss in Nordiques zone.
4:15 of 2nd period - Simon Gagné is hit by Anze Kopitar and loses puck.
4:20 of 2nd period - Snap shot by Anze Kopitar.
4:20 of 2nd period - Shot Blocked by Maxim Afinogenov.
4:22 of 2nd period - Wrist shot by Anze Kopitar.
4:22 of 2nd period - Shot Misses the Net.
4:24 of 2nd period - Snap shot by Danny Richmond.
4:24 of 2nd period - Deflect By Patrick Kane.
4:24 of 2nd period - Shot Blocked by Chris Phillips.
4:24 of 2nd period - Puck is out of play.
4:25 of 2nd period - Saku Koivu wins face-off versus Jason Arnott in Nordiques zone.
4:30 of 2nd period - Wrist shot by Mike Cammalleri.
4:30 of 2nd period - Shot Misses the Net.
4:59 of 2nd period - Wrist shot by Kris Vernarsky.
4:59 of 2nd period - Stopped by Antti Niemi with a rebound.
5:34 of 2nd period - Alexei Ponikarovsky is hit by Antti Miettinen.
5:37 of 2nd period - Minor Penalty to Jason Arnott for Roughing.
5:38 of 2nd period - Patrick Kane wins face-off versus Stephen Weiss in Kings zone.
6:13 of 2nd period - Wrist shot by Saku Koivu.
6:13 of 2nd period - Stopped by Antti Niemi without a rebound.
6:14 of 2nd period - Patrick Kane wins face-off versus Stephen Weiss in Kings zone.
6:25 of 2nd period - Snap shot by Ryan Whitney.
6:25 of 2nd period - Stopped by Antti Niemi with a rebound.
6:27 of 2nd period - Snap shot by Stephen Weiss.
6:27 of 2nd period - Stopped by Antti Niemi with a rebound.
6:29 of 2nd period - Snap shot by Maxim Afinogenov.
6:29 of 2nd period - Shot Misses the Net.
6:47 of 2nd period - Snap shot by Saku Koivu.
6:47 of 2nd period - Goal by Saku Koivu - Kings : 3 - Nordiques : 2.
6:48 of 2nd period - Anze Kopitar wins face-off versus Stephen Weiss in neutral zone.
6:55 of 2nd period - Wrist shot by Patrick Kane.
6:55 of 2nd period - Deflect By Anze Kopitar.
6:55 of 2nd period - Stopped by Mike Smith without a rebound.
6:55 of 2nd period - Minor Penalty to Simon Gagné for Roughing.
6:55 of 2nd period - Minor Penalty to Derek Boogaard for Roughing.
6:56 of 2nd period - Anze Kopitar wins face-off versus Stephen Weiss in Nordiques zone.
7:03 of 2nd period - Slapshot by Anze Kopitar.
7:03 of 2nd period - Shot Misses the Net.
7:05 of 2nd period - Snap shot by Anze Kopitar.
7:05 of 2nd period - Stopped by Mike Smith without a rebound.
7:06 of 2nd period - Anze Kopitar wins face-off versus Stephen Weiss in Nordiques zone.
7:09 of 2nd period - Snap shot by Patrick Kane.
7:09 of 2nd period - Deflect By Anze Kopitar.
7:09 of 2nd period - Stopped by Mike Smith with a rebound.
7:13 of 2nd period - Slapshot by Anze Kopitar.
7:13 of 2nd period - Deflect By Ryan Whitney.
7:13 of 2nd period - Stopped by Mike Smith without a rebound.
7:14 of 2nd period - Anze Kopitar wins face-off versus Stephen Weiss in Nordiques zone.
8:36 of 2nd period - Wrist shot by Alex Tanguay.
8:36 of 2nd period - Shot Misses the Net.
8:40 of 2nd period - Snap shot by Danny Richmond.
8:40 of 2nd period - Stopped by Mike Smith without a rebound.
8:41 of 2nd period - Stephen Weiss wins face-off versus Anze Kopitar in Nordiques zone.
8:55 of 2nd period - Penalty to Simon Gagné is over, Simon Gagné is back on ice.
8:55 of 2nd period - Penalty to Derek Boogaard is over, Derek Boogaard is back on ice.
9:12 of 2nd period - Slapshot by Saku Koivu.
9:12 of 2nd period - Goal by Saku Koivu - Kings : 3 - Nordiques : 3.
9:13 of 2nd period - Anze Kopitar wins face-off versus Mike Cammalleri in neutral zone.
9:50 of 2nd period - Matt Pettinger is hit by Guillaume Latendresse and loses puck.
10:49 of 2nd period - Alexei Ponikarovsky is hit by Brian McGrattan and loses puck.
10:55 of 2nd period - Minor Penalty to Jonathan Cheechoo for Hooking.
10:55 of 2nd period - Minor Penalty to Steve Regier for Hooking.
10:56 of 2nd period - Simon Gagné wins face-off versus Anze Kopitar in neutral zone.
11:11 of 2nd period - Snap shot by Stephen Weiss.
11:11 of 2nd period - Stopped by Antti Niemi with a rebound.
12:55 of 2nd period - Penalty to Jonathan Cheechoo is over, Jonathan Cheechoo is back on ice.
12:55 of 2nd period - Penalty to Steve Regier is over, Steve Regier is back on ice.
13:05 of 2nd period - Lubomir Visnovsky is hit by Jonas Hoglund and loses puck.
13:24 of 2nd period - Jonas Hoglund is hit by Maxim Afinogenov and loses puck.
13:31 of 2nd period - Saku Koivu is hit by Alex Tanguay and loses puck.
13:45 of 2nd period - Alex Tanguay is hit by Maxim Afinogenov and loses puck.
13:46 of 2nd period - Alex Tanguay from Kings is injured at 13:46 of 2nd period (Left Foot).
13:47 of 2nd period - Anze Kopitar wins face-off versus Stephen Weiss in Kings zone.
14:20 of 2nd period - Slapshot by Jason Arnott.
14:20 of 2nd period - Stopped by Mike Smith with a rebound.
14:22 of 2nd period - Slapshot by Sergei Gonchar.
14:22 of 2nd period - Shot Misses the Net.
14:47 of 2nd period - Off-side.
14:48 of 2nd period - Éric Belanger wins face-off versus Brian McGrattan in neutral zone.
15:01 of 2nd period - Slapshot by Adrian Aucoin.
15:01 of 2nd period - Shot Misses the Net.
15:03 of 2nd period - Backhand shot by Jay Bouwmeester.
15:03 of 2nd period - Shot Blocked by Ryan Whitney.
15:38 of 2nd period - Icing by Sergei Gonchar.
15:39 of 2nd period - Anze Kopitar wins face-off versus Mattias Weinhandl in Kings zone.
16:10 of 2nd period - Slapshot by Guillaume Latendresse.
16:10 of 2nd period - Shot Blocked by Cory Sarich.
16:25 of 2nd period - Minor Penalty to Brian McGrattan for Tripping.
16:26 of 2nd period - Stephen Weiss wins face-off versus Jason Arnott in Kings zone.
17:32 of 2nd period - Jordan Leopold is hit by Jonas Hoglund and loses puck.
18:25 of 2nd period - Penalty to Brian McGrattan is over, Brian McGrattan is back on ice.
18:58 of 2nd period - Slapshot by Jason Arnott.
18:58 of 2nd period - Shot Misses the Net.
19:04 of 2nd period - Antti Miettinen is hit by Cory Sarich and loses puck.
19:41 of 2nd period - Mike Komisarek is hit by Brian McGrattan and loses puck.
3rd period
0:01 of 3rd period - Stephen Weiss wins face-off versus Anze Kopitar in neutral zone.
0:26 of 3rd period - Ryan Whitney is hit by Danny Richmond and loses puck.
0:32 of 3rd period - Off-side.
0:33 of 3rd period - Saku Koivu wins face-off versus Jason Arnott in neutral zone.
0:48 of 3rd period - Snap shot by Adam Deadmarsh.
0:48 of 3rd period - Stopped by Antti Niemi without a rebound.
0:49 of 3rd period - Anze Kopitar wins face-off versus Stephen Weiss in Kings zone.
0:53 of 3rd period - Off-side.
0:54 of 3rd period - Derek Boogaard wins face-off versus Stephen Weiss in neutral zone.
1:07 of 3rd period - Snap shot by Chris Phillips.
1:07 of 3rd period - Stopped by Antti Niemi with a rebound.
1:20 of 3rd period - Icing by Adam Deadmarsh.
1:21 of 3rd period - Saku Koivu wins face-off versus Jason Arnott in Nordiques zone.
1:21 of 3rd period - Saku Koivu is hit by Guillaume Latendresse.
1:29 of 3rd period - Bryan McCabe is hit by Mike Cammalleri and loses puck.
1:48 of 3rd period - Snap shot by Stephen Weiss.
1:48 of 3rd period - Goal by Stephen Weiss - Kings : 3 - Nordiques : 4.
1:49 of 3rd period - Stephen Weiss wins face-off versus Anze Kopitar in neutral zone.
1:53 of 3rd period - Minor Penalty to Derek Boogaard for Interference.
1:54 of 3rd period - Stephen Weiss wins face-off versus Jason Arnott in Kings zone.
1:57 of 3rd period - Snap shot by Simon Gagné.
1:57 of 3rd period - Stopped by Antti Niemi without a rebound.
1:58 of 3rd period - Stephen Weiss wins face-off versus Jason Arnott in Kings zone.
3:44 of 3rd period - Anze Kopitar is hit by Adam Deadmarsh and loses puck.
3:53 of 3rd period - Penalty to Derek Boogaard is over, Derek Boogaard is back on ice.
4:07 of 3rd period - Wrist shot by Steve Regier.
4:07 of 3rd period - Deflect By Brian McGrattan.
4:07 of 3rd period - Stopped by Mike Smith with a rebound.
4:09 of 3rd period - Slapshot by Randy Robitaille.
4:09 of 3rd period - Shot Blocked by Adam Deadmarsh.
4:27 of 3rd period - Slapshot by Lubomir Visnovsky.
4:27 of 3rd period - Shot Misses the Net.
4:29 of 3rd period - Wrist shot by Jonathan Cheechoo.
4:29 of 3rd period - Stopped by Antti Niemi with a rebound.
4:31 of 3rd period - Slapshot by Lubomir Visnovsky.
4:31 of 3rd period - Shot Misses the Net.
4:33 of 3rd period - Wrist shot by Lubomir Visnovsky.
4:33 of 3rd period - Stopped by Antti Niemi without a rebound.
4:34 of 3rd period - Kris Vernarsky wins face-off versus Randy Robitaille in Kings zone.
4:35 of 3rd period - Backhand shot by Mattias Weinhandl.
4:35 of 3rd period - Shot Misses the Net.
4:47 of 3rd period - Slapshot by Adrian Aucoin.
4:47 of 3rd period - Shot Blocked by Ryan Whitney.
4:49 of 3rd period - Slapshot by Jay Bouwmeester.
4:49 of 3rd period - Shot Misses the Net.
5:43 of 3rd period - Sergei Gonchar is hit by Lubomir Visnovsky and loses puck.
5:54 of 3rd period - Jordan Leopold is hit by Danny Richmond and loses puck.
6:11 of 3rd period - Snap shot by Jason Arnott.
6:11 of 3rd period - Shot Blocked by Cory Sarich.
6:37 of 3rd period - Snap shot by Derick Brassard.
6:37 of 3rd period - Shot Blocked by Kris Vernarsky.
6:43 of 3rd period - Bryan McCabe is hit by Cory Sarich and loses puck.
6:58 of 3rd period - Chris Phillips is hit by Antti Miettinen.
7:27 of 3rd period - Slapshot by Saku Koivu.
7:27 of 3rd period - Stopped by Antti Niemi with a rebound.
7:29 of 3rd period - Wrist shot by Mike Cammalleri.
7:29 of 3rd period - Stopped by Antti Niemi with a rebound.
7:31 of 3rd period - Snap shot by Adam Deadmarsh.
7:31 of 3rd period - Stopped by Antti Niemi with a rebound.
7:43 of 3rd period - Slapshot by Jonas Hoglund.
7:43 of 3rd period - Shot Misses the Net.
7:45 of 3rd period - Slapshot by Adrian Aucoin.
7:45 of 3rd period - Deflect By Matt Pettinger.
7:45 of 3rd period - Stopped by Mike Smith with a rebound.
7:47 of 3rd period - Snap shot by Derek Boogaard.
7:47 of 3rd period - Stopped by Mike Smith with a rebound.
7:49 of 3rd period - Snap shot by Jay Bouwmeester.
7:49 of 3rd period - Deflect By Jonas Hoglund.
7:49 of 3rd period - Stopped by Mike Smith with a rebound.
7:59 of 3rd period - Slapshot by Chris Phillips.
7:59 of 3rd period - Shot Misses the Net.
8:01 of 3rd period - Slapshot by Ryan Whitney.
8:01 of 3rd period - Stopped by Antti Niemi without a rebound.
8:02 of 3rd period - Stephen Weiss wins face-off versus Jason Arnott in Kings zone.
8:31 of 3rd period - Snap shot by Derek Boogaard.
8:31 of 3rd period - Shot Blocked by Mike Cammalleri.
8:55 of 3rd period - Snap shot by Mattias Weinhandl.
8:55 of 3rd period - Stopped by Antti Niemi without a rebound.
8:56 of 3rd period - Anze Kopitar wins face-off versus Stephen Weiss in Kings zone.
9:08 of 3rd period - Icing by Anze Kopitar.
9:09 of 3rd period - Anze Kopitar wins face-off versus Stephen Weiss in Kings zone.
9:16 of 3rd period - Snap shot by Patrick Kane.
9:16 of 3rd period - Stopped by Mike Smith with a rebound.
9:42 of 3rd period - Wrist shot by Anze Kopitar.
9:42 of 3rd period - Stopped by Mike Smith without a rebound.
9:43 of 3rd period - Jason Arnott wins face-off versus Saku Koivu in Nordiques zone.
9:43 of 3rd period - Minor Penalty to Mike Cammalleri for Hooking.
9:44 of 3rd period - Saku Koivu wins face-off versus Guillaume Latendresse in Nordiques zone.
10:15 of 3rd period - Sergei Gonchar is hit by Mike Komisarek and loses puck.
11:43 of 3rd period - Penalty to Mike Cammalleri is over, Mike Cammalleri is back on ice.
11:52 of 3rd period - Wrist shot by Steve Regier.
11:52 of 3rd period - Stopped by Mike Smith without a rebound.
11:53 of 3rd period - Kris Vernarsky wins face-off versus Randy Robitaille in Nordiques zone.
12:06 of 3rd period - Snap shot by Matt Pettinger.
12:06 of 3rd period - Deflect By Mattias Weinhandl.
12:06 of 3rd period - Deflect By Adrian Aucoin.
12:06 of 3rd period - Shot Misses the Net.
12:06 of 3rd period - Puck is out of play.
12:07 of 3rd period - Jason Arnott wins face-off versus Kris Vernarsky in Kings zone.
12:12 of 3rd period - Snap shot by Guillaume Latendresse.
12:12 of 3rd period - Stopped by Mike Smith with a rebound.
12:34 of 3rd period - Stephen Weiss is hit by Derek Boogaard and loses puck.
13:49 of 3rd period - Mattias Weinhandl is hit by Antti Miettinen and loses puck.
14:06 of 3rd period - Wrist shot by Mike Cammalleri.
14:06 of 3rd period - Shot Misses the Net.
14:08 of 3rd period - Snap shot by Mike Cammalleri.
14:08 of 3rd period - Shot Misses the Net.
14:10 of 3rd period - Wrist shot by Mike Cammalleri.
14:10 of 3rd period - Stopped by Antti Niemi without a rebound.
14:11 of 3rd period - Anze Kopitar wins face-off versus Stephen Weiss in Kings zone.
14:20 of 3rd period - Simon Gagné is hit by Derek Boogaard and loses puck.
14:42 of 3rd period - Wrist shot by Mike Cammalleri.
14:42 of 3rd period - Shot Misses the Net.
14:44 of 3rd period - Wrist shot by Saku Koivu.
14:44 of 3rd period - Shot Blocked by Adrian Aucoin.
14:46 of 3rd period - Slapshot by Cory Sarich.
14:46 of 3rd period - Stopped by Antti Niemi without a rebound.
14:47 of 3rd period - Anze Kopitar wins face-off versus Stephen Weiss in Kings zone.
15:01 of 3rd period - Off-side.
15:02 of 3rd period - Derick Brassard wins face-off versus Matt Pettinger in neutral zone.
15:27 of 3rd period - Jason Arnott is hit by Stephen Weiss and loses puck.
16:03 of 3rd period - Icing by Mike Komisarek.
16:04 of 3rd period - Éric Belanger wins face-off versus Jason Arnott in Nordiques zone.
17:14 of 3rd period - Snap shot by Adam Deadmarsh.
17:14 of 3rd period - Shot Misses the Net.
17:16 of 3rd period - Snap shot by Adam Deadmarsh.
17:16 of 3rd period - Shot Blocked by Danny Richmond.
17:18 of 3rd period - Slapshot by Cory Sarich.
17:18 of 3rd period - Shot Hit the Post.
18:04 of 3rd period - Slapshot by Simon Gagné.
18:04 of 3rd period - Shot Misses the Net.
18:06 of 3rd period - Slapshot by Maxim Afinogenov.
18:06 of 3rd period - Shot Blocked by Guillaume Latendresse.
18:23 of 3rd period - Sergei Gonchar is hit by Adam Deadmarsh and loses puck.
18:28 of 3rd period - Wrist shot by Saku Koivu.
18:28 of 3rd period - Stopped by Antti Niemi with a rebound.
18:38 of 3rd period - Anze Kopitar is hit by Simon Gagné and loses puck.
18:45 of 3rd period - Slapshot by Jay Bouwmeester.
18:45 of 3rd period - Stopped by Mike Smith with a rebound.
18:51 of 3rd period - Wrist shot by Patrick Kane.
18:51 of 3rd period - Shot Misses the Net.
18:53 of 3rd period - Slapshot by Adrian Aucoin.
18:53 of 3rd period - Stopped by Mike Smith without a rebound.
18:54 of 3rd period - Paul Maurice call a timeout for Kings.
18:54 of 3rd period - Saku Koivu wins face-off versus Anze Kopitar in Nordiques zone.
19:06 of 3rd period - Minor Penalty to Sergei Gonchar for Holding Stick.
19:07 of 3rd period - Jason Arnott wins face-off versus Stephen Weiss in Kings zone.
Output by the SimonT Hockey Simulator (STHS) for François Prévost -- Original Page W3C XHTML 1.0 Valid